[Event "WEM-KT 2018"]
[Site "Illertissen"]
[Date "2018.08.25"]
[Round "1"]
[White "Bildt, Maximilian"]
[Black "Seidler, Ottmar"]
[Result "1-0"]
[ECO "C64"]
[WhiteElo "2073"]
[BlackElo "1706"]
[Annotator "NA RC"]
[PlyCount "60"]
[EventDate "2018.08.25"]
[EventType "tourn"]
[EventCountry "GER"]
[SourceTitle "playchess.com"]
[Source "ChessBase"]
[SourceQuality "1"]
[TimeControl "40/6000+30:3000+30"]

1. e4 e5 2. Nf3 Nc6 3. Bb5 Bc5 4. O-O d6 5. c3 Bd7 6. d4 exd4 7. cxd4 Bb6 $16 {[%emt 0:00:45] LiveBook: 3 Games} 8. Nc3 Nge7 9. Na4 Ba5 10. a3 a6 11. Bxc6 Bxc6 12. b4 Qd7 13. Nc3 Bb6 14. d5 Bb5 15. Nxb5 Qxb5 16. Bb2 O-O 17. Nd4 Qd7 18. Qd3 Ng6 19. Nf5 f6 20. Bd4 Bxd4 21. Nxd4 Rfe8 22. Rac1 Nf8 23. Rc3 Re7 24. Rfc1 Rc8 25. Nf5 Rf7 26. Qg3 Ng6 27. Qd3 Re7 28. Qc2 Re5 29. Qd1 Nf8 30. Ra1 Ng6 1-0

[Event "WEM-KT 2018"]
[Site "Illertissen"]
[Date "2018.08.25"]
[Round "1"]
[White "Guenther, Stefan"]
[Black "Maisch, Julian"]
[Result "1/2-1/2"]
[ECO "A03"]
[WhiteElo "1907"]
[BlackElo "2216"]
[Annotator "NA RC"]
[PlyCount "77"]
[EventDate "2018.08.25"]
[EventType "tourn"]
[EventCountry "GER"]
[SourceTitle "playchess.com"]
[Source "ChessBase"]
[SourceQuality "1"]
[TimeControl "40/6000+30:3000+30"]

1. f4 d5 2. Nf3 c5 3. e3 a6 {[%emt 0:00:16] A03: Bird's Opening with 1...d5} (3... e6 4. b3 Bd6 5. Bb2 f6 6. Nc3 Nc6 7. g3 Nge7 8. Bg2 O-O 9. O-O a6 10. d3 b5 11. a4 b4 12. Ne2 {1-0 (41) Jobava,B (2698)-Smith,A (2506) Sweden 2017}) 4. Be2 Nc6 5. c3 Nf6 6. O-O d4 7. Ne5 $146 ({Predecessor:} 7. d3 dxe3 8. Bxe3 e6 9. Nbd2 Be7 10. Ne5 Qc7 {1-0 (23) De Barros E Silva,B (1866)-Rodrigues,R (2026) Joao Pessoa 2012}) 7... Qd6 (7... Nxe5 $11 {hält das Gleichgewicht.} 8. fxe5 d3) 8. Nxc6 Qxc6 9. cxd4 cxd4 10. Bf3 Qb6 11. Qa4+ Bd7 12. Qxd4 Qxd4 13. exd4 O-O-O 14. Nc3 Bf5 15. d5 Bg4 16. d4 Bxf3 17. Rxf3 Nxd5 18. Nxd5 Rxd5 19. Rc3+ Kb8 20. Be3 e6 21. Rac1 Bd6 $11 22. h3 Rd8 23. Kf2 Be7 24. g4 Bf6 25. Rc7 R5d7 26. Rxd7 Rxd7 27. Rd1 Rd5 28. Kf3 g6 29. Ke4 Ra5 30. a3 Rb5 31. b4 Bg7 32. d5 f5+ 33. gxf5 gxf5+ 34. Kf3 Rxd5 35. Rg1 Bf6 36. Bb6 Kc8 37. Rc1+ Kb8 38. Rg1 Kc8 39. Rc1+ 1/2-1/2

[Event "WEM-KT 2018"]
[Site "Illertissen"]
[Date "2018.08.25"]
[Round "1"]
[White "Schelberg, Martin, Dr."]
[Black "Jakob, Georg"]
[Result "0-1"]
[ECO "B25"]
[WhiteElo "1727"]
[BlackElo "2084"]
[Annotator "NA RC"]
[PlyCount "42"]
[EventDate "2018.08.25"]
[EventType "tourn"]
[EventCountry "GER"]
[SourceTitle "playchess.com"]
[Source "ChessBase"]
[SourceQuality "1"]
[TimeControl "40/6000+30:3000+30"]

1. Nf3 c5 2. g3 g6 3. Bg2 Bg7 4. O-O Nc6 5. d3 e5 6. e4 d6 7. Nc3 Nge7 8. Bd2 O-O {[%emt 0:02:37] LiveBook: 3 Partien} 9. Qc1 $15 a6 10. a4 f5 11. Bg5 Qe8 12. Bh6 f4 13. Bxg7 Kxg7 14. Ne2 Qf7 15. gxf4 exf4 16. Qd2 h6 17. h3 g5 18. Qc3+ Kh7 19. Kh2 Qh5 20. Nfg1 g4 21. Ng3 fxg3+ 0-1

[Event "WEM-KT 2018"]
[Site "Illertissen"]
[Date "2018.08.25"]
[Round "1"]
[White "Schulz, Volker"]
[Black "Wolf, Rainer"]
[Result "1/2-1/2"]
[ECO "B06"]
[WhiteElo "1581"]
[BlackElo "2044"]
[Annotator "NA RC"]
[PlyCount "150"]
[EventDate "2018.08.25"]
[EventType "tourn"]
[EventCountry "GER"]
[SourceTitle "playchess.com"]
[Source "ChessBase"]
[SourceQuality "1"]
[TimeControl "40/6000+30:3000+30"]

1. e4 g6 2. d4 Bg7 3. Nc3 d6 4. f4 a6 5. Nf3 b5 6. a3 Nd7 7. Bd3 c5 8. Be3 Bb7 {[%emt 0:00:50] LiveBook: 7 Games} 9. O-O $11 Ngf6 10. dxc5 Nxc5 11. Bxc5 dxc5 12. e5 Nd5 13. Nxd5 Bxd5 14. Qe2 O-O 15. f5 Bxf3 16. Rxf3 Qd4+ 17. Kh1 Bxe5 18. c3 Qd6 19. Re1 Bf6 20. Rh3 Rad8 21. Qg4 Kg7 22. Rxh7+ Kxh7 23. fxg6+ Kh6 24. Qh3+ Kg5 25. Qe3+ Qf4 26. h4+ Kg4 27. Be2+ Kf5 28. g4+ Qxg4 29. Bxg4+ Kxg4 30. Rg1+ Kf5 31. Qxc5+ e5 32. gxf7 Rxf7 33. Qc6 Rh8 34. Rf1+ Kg6 35. Rg1+ Kh6 36. Qe4 Rg7 37. Rxg7 Kxg7 38. Qg4+ Kf8 39. h5 Ke7 40. Kg2 Rd8 41. Kf3 Rd2 42. Qb4+ Ke6 43. Qg4+ Ke7 44. Qb4+ Ke6 45. Kg4 Rh2 46. Qb3+ Ke7 47. Qb4+ Ke6 48. Qc5 Rg2+ 49. Kf3 Rxb2 50. Qc8+ Ke7 51. Qxa6 Rb3 52. Qa5 Rxc3+ 53. Ke4 Rc4+ 54. Kd5 Rd4+ 55. Kc5 Ra4 56. Qxb5 Rxa3 57. Kd5 Kf7 58. Qd7+ Be7 59. Qe6+ Kf8 60. Qh6+ Kf7 61. Qg6+ Kf8 62. Kxe5 Ra5+ 63. Kd4 Rg5 64. Qh7 Rg7 65. Qh6 Kf7 66. Ke5 Rg5+ 67. Kf4 Bf6 68. Qh7+ Rg7 69. Qd3 Bg5+ 70. Kf5 Kg8 71. Qd5+ Kh7 72. Qe6 Bh6 73. Kf6 Bg5+ 74. Kf5 Bh6 75. Qe4 Bg5 1/2-1/2

[Event "WEM-KT 2018"]
[Site "Illertissen"]
[Date "2018.08.26"]
[Round "2"]
[White "Namyslo, Holger"]
[Black "Bildt, Maximilian"]
[Result "0-1"]
[ECO "B90"]
[WhiteElo "2275"]
[BlackElo "2073"]
[Annotator "NA"]
[PlyCount "90"]
[EventDate "2018.08.25"]
[EventType "tourn"]
[EventCountry "GER"]
[SourceTitle "playchess.com"]
[Source "ChessBase"]
[SourceQuality "1"]
[TimeControl "40/6000+30:3000+30"]

1. e4 c5 2. Nf3 d6 3. d4 cxd4 4. Nxd4 Nf6 5. Nc3 a6 6. f3 e5 7. Nb3 Be7 8. Be3 Be6 9. Qd2 O-O 10. O-O-O Nbd7 11. g4 b5 {[%emt 0:02:58] LiveBook: 1661 Games} 12. g5 Nh5 13. Nd5 Bxd5 {[%emt 0:00:09] B90: Sicilian Najdorf: Unusual White 6th moves, 6 Be3 Ng4 and 6 Be3 e5} 14. exd5 Qc7 (14... f6 15. gxf6 Bxf6 16. Kb1 Nf4 17. Rg1 Kh8 18. Bd3 Bg5 19. Na5 Bh6 20. Nc6 Qh4 21. Qb4 {½-½ (49) Caruana,F (2784)-Mamedyarov,S (2809) Berlin 2018}) 15. Na5 Nb8 16. Bd3 $146 ({Predecessor:} 16. Bh3 f5 17. gxf6 Rxf6 18. Be6+ Kh8 19. Bg4 Nf4 20. Kb1 Bd8 21. Nb3 Nd7 22. Nd4 Nf8 23. Rhe1 Be7 24. Bxf4 Rxf4 25. Ne2 Rf6 26. Ng3 Rf4 27. Nh5 Rd4 {½-½ (27) Marez,S (2417)-Tsenkov,L (2387) LSS email 2010}) 16... Bd8 17. Nb3 Nd7 18. f4 Nxf4 19. Bxf4 exf4 20. Qxf4 Ne5 21. h4 Qb7 22. Qe4 g6 23. Nd4 Bb6 24. Ne2 Rfe8 25. Qg2 Rac8 26. Kb1 Qc7 27. Ng3 Nc4 28. Ne4 Rxe4 29. Qxe4 Nxb2 30. Kxb2 Qc3+ 31. Kc1 Ba5 32. Kb1 Qa3 33. c3 Bxc3 34. Rh2 Be5 35. Qg4 Rc4 36. Bxc4 Qb4+ 37. Kc1 Bxh2 38. Qe2 Bf4+ 39. Kc2 bxc4 40. Qe8+ Kg7 41. Re1 Qd2+ 42. Kb1 Qd3+ 43. Kb2 c3+ 44. Ka1 c2 45. Kb2 Qd1 0-1

[Event "WEM-KT 2018"]
[Site "Illertissen"]
[Date "2018.08.26"]
[Round "2"]
[White "Maisch, Julian"]
[Black "Kohde, Janis"]
[Result "1-0"]
[ECO "C65"]
[WhiteElo "2216"]
[BlackElo "1803"]
[Annotator "NA"]
[PlyCount "87"]
[EventDate "2018.08.25"]
[EventType "tourn"]
[EventCountry "GER"]
[SourceTitle "playchess.com"]
[Source "ChessBase"]
[SourceQuality "1"]
[TimeControl "40/6000+30:3000+30"]

1. e4 e5 2. Nf3 Nc6 3. Bb5 Nf6 4. d3 Bc5 5. O-O d6 6. Bxc6+ bxc6 7. c3 Bb6 $146 {[%emt 0:05:24] C65: Spanische Partie (Berliner-Verteidigung)} ({Vorgänger:} 7... O-O 8. Nbd2 Re8 9. Qa4 Bd7 10. Re1 Bb6 11. h3 h6 12. Nf1 Nh5 13. Qd1 Qf6 14. d4 exd4 15. cxd4 {0-1 (43) Valmana Canto,J (2431)-Ladron de Guevara Pinto,P (2348) Roquetas de Mar 2016}) 8. a4 a5 9. Nbd2 O-O 10. Nc4 Be6 11. Qe2 Bxc4 12. dxc4 Nd7 13. b4 f5 14. exf5 Qf6 15. c5 dxc5 16. b5 cxb5 17. axb5 Qxf5 18. Ng5 Kh8 19. Ra4 c4 20. Rxc4 Rf6 21. g4 Qg6 22. h4 Rd8 23. h5 Qe8 24. Ne4 Rf7 $16 25. g5 Qg8 26. Kg2 Rdf8 27. Ba3 Re8 28. Rc6 Nf8 29. Rxb6 cxb6 30. Nd6 Ne6 31. g6 Rf5 32. Qg4 Nf4+ 33. Kh2 Rff8 34. Nxe8 Rxe8 35. Rd1 Qa2 36. Bc1 Qxf2+ 37. Kh1 Nd3 38. h6 Nxc1 39. hxg7+ Kxg7 40. Qd7+ Kh6 41. Qh3+ Kxg6 42. Rd6+ Kg7 43. Rd7+ Kf6 44. Qh6+ 1-0

[Event "WEM-KT 2018"]
[Site "Illertissen"]
[Date "2018.08.26"]
[Round "2"]
[White "Gabriel, Josef"]
[Black "Schulz, Volker"]
[Result "1-0"]
[ECO "B40"]
[WhiteElo "2124"]
[BlackElo "2169"]
[Annotator "NA"]
[PlyCount "63"]
[EventDate "2018.08.25"]
[EventType "tourn"]
[EventCountry "GER"]
[SourceTitle "playchess.com"]
[Source "ChessBase"]
[SourceQuality "1"]
[TimeControl "40/6000+30:3000+30"]

1. e4 c5 2. Nf3 e6 3. d3 Nc6 4. g3 Nf6 5. Bg2 {[%emt 0:00:10] B40: Sicilian: 2...e6, Unusual lines} g6 (5... d5 6. Nbd2 Be7 7. O-O O-O 8. Re1 b5 9. e5 Nd7 10. Nf1 Bb7 11. h4 Qc7 12. Bf4 Rfc8 13. Ne3 Qd8 14. Ng4 Bf8 15. Bg5 Qe8 16. c3 h6 17. Bf4 a5 18. Qd2 b4 19. c4 Ne7 20. h5 {1-0 (59) Kuzubov,Y (2699)-Grischuk,A (2772) Riadh 2017}) 6. O-O Bg7 7. Re1 O-O 8. c3 d5 9. e5 Nd7 10. d4 f6 $146 ({Predecessor:} 10... h6 11. Na3 Qb6 12. Nc2 cxd4 13. cxd4 f6 14. exf6 Nxf6 15. Qd3 Ne4 16. Be3 Bd7 {½-½ (16) Oratovsky,M (2445)-Givon,A (2470) Israel 2018}) 11. Bh3 f5 12. Bg5 Qb6 13. Qd2 c4 14. Na3 Re8 15. Nc2 a5 16. b3 cxb3 17. axb3 Qxb3 18. Reb1 Qc4 19. Bf1 Ncxe5 20. Nxe5 Nxe5 21. dxe5 Qc7 22. Bf4 $18 Bxe5 23. Bxe5 Qxe5 24. f4 Qc7 25. Nd4 Bd7 26. Nf3 Reb8 27. Ne5 Bc6 28. Qd4 b6 29. g4 Ra7 30. gxf5 gxf5 31. Rb2 Kf8 32. Nxc6 1-0

[Event "WEM-KT 2018"]
[Site "Illertissen"]
[Date "2018.08.26"]
[Round "2"]
[White "Gustain, Marc"]
[Black "Anistratov, Dmitriy"]
[Result "1-0"]
[ECO "B07"]
[WhiteElo "2102"]
[BlackElo "2279"]
[Annotator "NA"]
[PlyCount "105"]
[EventDate "2018.08.25"]
[EventType "tourn"]
[EventCountry "GER"]
[SourceTitle "playchess.com"]
[Source "ChessBase"]
[SourceQuality "1"]
[TimeControl "40/6000+30:3000+30"]

1. e4 c6 2. d4 d6 3. Nc3 Nf6 4. f4 Qa5 5. Bd3 Bg4 6. Qd2 {[%emt 0:05:33] B07: Pirc Defence: Miscellaneous Systems} g6 (6... Bc8 7. Nf3 Nbd7 8. O-O e5 9. Kh1 Be7 10. Qe1 Nh5 11. fxe5 dxe5 12. Bd2 Qc7 13. d5 Nb6 {1-0 (52) Piorun,K (2501)-Schmidt,R (2387) Bucharest 2010}) 7. h3 Bd7 8. Nf3 Bg7 9. Qf2 $146 ({Predecessor:} 9. O-O h5 10. Qf2 Ng4 11. hxg4 hxg4 12. Ng5 f6 13. e5 fxg5 14. fxg5 {1-0 (42) Berthelot,Y (2296)-Kozlowski,T (2012) Etang Sale 2001}) 9... Na6 10. a3 c5 11. O-O cxd4 12. Nxd4 O-O 13. Nb3 Qc7 14. Be3 Qb8 15. Rae1 Nc7 16. Qf3 Qc8 17. Nd4 Ne6 18. Nxe6 Bxe6 19. Bd4 Bc4 20. Qe2 Bxd3 21. cxd3 e5 22. fxe5 Nd7 23. Nd5 Qd8 24. Nf6+ Kh8 25. Nxd7 Qxd7 26. Qe3 Bxe5 27. Rc1 b6 28. Bc3 Rae8 29. Rc2 Kg8 30. Rfc1 Bxc3 31. Rxc3 Qb5 32. Qd4 Qxb2 33. Qxd6 Rd8 34. Qf4 Qb5 35. Qe3 Rd7 36. d4 Kg7 37. d5 Qa4 38. Rc4 Qa5 39. Qd4+ Kg8 40. a4 Qa6 41. e5 b5 42. axb5 Qxb5 43. d6 a5 44. Rc7 (44. Rc8 $142 Rdd8 45. R8c7) 44... a4 45. Rxd7 Qxd7 46. Rc7 Qf5 47. d7 $18 Rd8 48. Qd6 Kg7 49. Qe7 Qb1+ 50. Kh2 Qb8 51. Qf6+ Kf8 52. Rc8 Rxc8 53. dxc8=Q+ 1-0

[Event "WEM-KT 2018"]
[Site "Illertissen"]
[Date "2018.08.26"]
[Round "2"]
[White "Jakob, Georg"]
[Black "Laengl, Juergen"]
[Result "1/2-1/2"]
[ECO "C19"]
[WhiteElo "2084"]
[BlackElo "2223"]
[Annotator "NA"]
[PlyCount "30"]
[EventDate "2018.08.25"]
[EventType "tourn"]
[EventCountry "GER"]
[SourceTitle "playchess.com"]
[Source "ChessBase"]
[SourceQuality "1"]
[TimeControl "40/6000+30:3000+30"]

1. e4 e6 2. d4 d5 3. Nc3 Bb4 4. e5 Ne7 5. a3 Bxc3+ 6. bxc3 c5 7. Nf3 Bd7 8. Rb1 Qc7 9. Bf4 {[%emt 0:00:34] LiveBook: 7 Games} Ng6 10. Bg3 b6 11. h4 cxd4 12. cxd4 h5 13. Bd3 $11 Qc3+ 14. Kf1 Ne7 15. Rb3 Qc8 1/2-1/2

[Event "WEM-KT 2018"]
[Site "Illertissen"]
[Date "2018.08.26"]
[Round "2"]
[White "Wolf, Rainer"]
[Black "Engelhart, Achim"]
[Result "1/2-1/2"]
[ECO "A04"]
[WhiteElo "2044"]
[BlackElo "2126"]
[Annotator "NA"]
[PlyCount "92"]
[EventDate "2018.08.25"]
[EventType "tourn"]
[EventCountry "GER"]
[SourceTitle "playchess.com"]
[Source "ChessBase"]
[SourceQuality "1"]
[TimeControl "40/6000+30:3000+30"]

1. Nf3 c5 2. e4 Nc6 3. g3 g6 4. Bg2 Bg7 5. O-O e5 {[%emt 0:01:45] A04: Unusual lines after 1 Nf3 and King's Indian Attack} (5... d6 6. d3 e5 7. Nc3 Nge7 8. Nd2 O-O 9. Nc4 Be6 10. Nd5 Kh8 11. c3 Qd7 12. a4 f5 13. a5 Bg8 14. Nxe7 Nxe7 15. Qa4 Rad8 16. Bg5 Bf6 17. Bxf6+ Rxf6 18. exf5 gxf5 {1-0 (56) Grischuk,A (2767)-Gelfand,B (2695) Moscow 2018}) 6. b3 Nge7 7. Bb2 O-O 8. c3 $146 ({Predecessor:} 8. d3 f5 9. Nbd2 d6 10. a4 h6 11. Nc4 Be6 12. Qe2 f4 13. Nfd2 Qd7 14. f3 g5 15. g4 Ng6 16. Na3 Rab8 17. Ndc4 Rfc8 {0-1 (103) Enchev,I (2120)-Bojchev,M (2214) Kazanlak 2005}) 8... d5 9. exd5 Nxd5 10. d4 cxd4 11. cxd4 e4 12. Ne5 f5 13. Qd2 Be6 14. Nxc6 bxc6 15. Rc1 Qb6 16. Na3 Nb4 17. Bf1 a5 18. Nc4 Qb7 19. Bc3 Rfd8 20. Nxa5 Rxa5 21. a3 Raa8 22. axb4 $11 Bxb3 23. Ra5 Bd5 24. b5 cxb5 25. Rxb5 Qf7 26. Ba5 Rd7 27. Rxd5 Rxd5 28. Bc4 Raxa5 29. Rb1 Bf8 30. Rb8 Kg7 31. Qb2 Be7 32. Qb3 Qe6 33. Rb6 Qd7 34. Rb7 Qe6 35. Bxd5 Rxd5 36. Rxe7+ Qxe7 37. Qxd5 e3 38. fxe3 Qxe3+ 39. Kf1 Qd3+ 40. Ke1 Qe3+ 41. Kf1 Qd3+ 42. Ke1 Qb1+ 43. Kd2 Qb2+ 44. Kd3 Qxh2 45. Qe5+ Kf7 46. d5 Qh1 {[%emt 0:00:00] Ke4 [%emt 00:21:47]} 1/2-1/2

[Event "WEM-KT 2018"]
[Site "Illertissen"]
[Date "2018.08.26"]
[Round "2"]
[White "Bossinger, Patrick"]
[Black "Jooss, Achim"]
[Result "1-0"]
[ECO "C10"]
[WhiteElo "2039"]
[BlackElo "1749"]
[Annotator "NA"]
[PlyCount "33"]
[EventDate "2018.08.25"]
[EventType "tourn"]
[EventCountry "GER"]
[SourceTitle "playchess.com"]
[Source "ChessBase"]
[SourceQuality "1"]
[TimeControl "40/6000+30:3000+30"]

1. e4 e6 2. d4 d5 3. Nd2 dxe4 4. Nxe4 Nc6 5. Nf3 Be7 6. Bd3 f5 7. Ng3 Nf6 8. O-O O-O 9. c3 Bd6 10. Re1 Nd5 11. Ng5 e5 12. Bc4 Be7 13. dxe5 Bxg5 14. Qxd5+ Kh8 15. f4 Bh4 16. Be3 Qe7 17. Bc5 1-0

[Event "WEM-KT 2018"]
[Site "Illertissen"]
[Date "2018.08.26"]
[Round "2"]
[White "Hermann, Tobias"]
[Black "Schelberg, Martin"]
[Result "1-0"]
[ECO "E94"]
[WhiteElo "2002"]
[BlackElo "1727"]
[Annotator "NA"]
[PlyCount "101"]
[EventDate "2018.08.25"]
[EventType "tourn"]
[EventCountry "GER"]
[SourceTitle "playchess.com"]
[Source "ChessBase"]
[SourceQuality "1"]
[TimeControl "40/6000+30:3000+30"]

1. e4 g6 2. d4 d6 3. c4 Bg7 4. Nc3 Nf6 5. Nf3 O-O 6. Be2 Nbd7 7. O-O e5 8. dxe5 $11 dxe5 9. Qc2 c6 10. h3 Qc7 11. Be3 Nh5 12. Rfd1 Nf4 13. Bf1 Ne6 14. Nd2 Nd4 15. Qb1 Nc5 16. b4 Nce6 17. Nb3 Rd8 18. Qb2 Qe7 19. c5 Qh4 20. f3 Nf4 21. Bf2 Qg5 22. Kh1 Qh5 23. Ne2 Nxh3 24. gxh3 Bxh3 25. Ng3 Qxf3+ 26. Kg1 Qg4 27. Bxh3 Qxh3 28. Nxd4 exd4 29. Rd3 Be5 30. Qe2 h5 31. Nf1 Qe6 32. Rad1 Qf6 33. Qf3 Qg5+ 34. Qg2 Qf6 35. Bg3 Qe6 36. Qh2 Qg4 37. Qg2 Qe6 38. Qh2 Qg4 39. Qh4 Qe6 40. Qg5 Bf6 41. Qd2 Qc4 42. e5 Bg7 43. Ne3 Qe6 44. Rxd4 Rxd4 45. Qxd4 Qxa2 46. Qc4 Qa3 47. Rd3 Qa1+ 48. Rd1 Qa3 49. Nf1 Qf3 50. Rd3 Qe2 51. Rd8+ 1-0

[Event "WEM-KT 2018"]
[Site "Illertissen"]
[Date "2018.08.26"]
[Round "2"]
[White "Seidler, Ottmar"]
[Black "Klaiss, Thomas"]
[Result "0-1"]
[ECO "E52"]
[WhiteElo "1706"]
[BlackElo "2021"]
[Annotator "NA"]
[PlyCount "40"]
[EventDate "2018.08.25"]
[EventType "tourn"]
[EventCountry "GER"]
[SourceTitle "playchess.com"]
[Source "ChessBase"]
[SourceQuality "1"]
[TimeControl "40/6000+30:3000+30"]

1. d4 Nf6 2. c4 e6 3. Nf3 b6 4. Nc3 Bb7 5. e3 Bb4 6. Bd2 O-O 7. Bd3 d5 8. Qc2 c5 9. dxc5 dxc4 10. Bxc4 Bxc5 11. Rd1 Nbd7 12. a3 Rc8 13. Bd3 Bd6 14. b4 Ne5 15. Nxe5 Bxe5 16. f4 Bxc3 17. Bxc3 Nd5 18. Bxh7+ Kh8 19. O-O Rxc3 20. Rxd5 Qxd5 0-1

[Event "WEM-KT 2018"]
[Site "Illertissen"]
[Date "2018.08.27"]
[Round "3"]
[White "Engelhart, Achim"]
[Black "Bossinger, Patrick"]
[Result "1/2-1/2"]
[ECO "B18"]
[WhiteElo "2126"]
[BlackElo "2039"]
[Annotator "NA"]
[PlyCount "184"]
[EventDate "2018.08.25"]
[EventType "tourn"]
[EventCountry "GER"]
[SourceTitle "playchess.com"]
[Source "ChessBase"]
[SourceQuality "1"]
[TimeControl "40/6000+30:3000+30"]

1. e4 c6 2. d4 d5 3. Nd2 dxe4 4. Nxe4 Bf5 5. Ng3 Bg6 $1 6. N1e2 e6 7. Nf4 Qc7 {[%emt 0:00:58] LiveBook: 108 Games} 8. c3 {[%emt 0:11:22] B18: Classical Caro-Kann: 4...Bf5 sidelines} (8. h4 Bd6 9. Nxg6 hxg6 10. Ne4 Bf4 11. Bxf4 Qxf4 {½-½ (11) Delchev,A (2558)-Jobava,B (2669) Gallipoli 2018}) 8... Bd6 9. Qf3 Nd7 10. Nxg6 hxg6 11. Ne4 Ngf6 12. Nxd6+ Qxd6 13. Bf4 Qe7 14. O-O-O Nd5 15. Bg3 $146 ({Predecessor:} 15. Bd2 b5 16. Bd3 {1-0 (51) Wacker,P (2323)-Bekedam,T (2073) Groningen 2017}) 15... b5 16. Bd3 N7b6 17. Kb1 Na4 18. Rd2 Kd7 19. Ka1 a6 20. Rc1 Rhc8 21. h3 c5 22. dxc5 Rxc5 23. Be4 Nab6 24. Rcd1 Ke8 25. Bf4 Rd8 26. Be3 Rcc8 27. Bxb6 Nxb6 28. Bb7 Nc4 29. Rxd8+ Rxd8 30. Qc6+ Kf8 31. Rxd8+ Qxd8 32. Qc8 Qxc8 33. Bxc8 a5 34. Bd7 Nd6 35. a4 bxa4 36. Bxa4 Ke7 37. Ka2 f5 38. Bc6 Kd8 39. Kb3 Kc7 40. Bf3 Kb6 41. h4 f4 42. Kc2 Kc5 43. Kd3 e5 $1 44. b3 Kb5 45. Be4 Kc5 46. Bxg6 Kd5 47. f3 Kc5 48. Bh7 Kb5 49. Be4 Ne8 50. Kc2 Nf6 51. Kb2 Nd7 52. Ka3 Nc5 $2 (52... Nb6 $16 53. Kb2 Kc5) 53. b4 axb4+ 54. cxb4 Nd7 55. Kb3 Nb6 56. Bd3+ Kc6 57. Bc4 Kd6 58. Kc3 Na4+ 59. Kc2 Nb6 60. Kd3 Kc6 61. Ba6 Nd5 62. b5+ Kd6 63. Ke4 g6 64. Kd3 Nb4+ 65. Ke2 Nd5 66. Kf2 Ke6 67. g4 fxg3+ 68. Kxg3 Kf6 69. Bb7 Nb6 70. Be4 Kg7 71. Kg4 Kf6 72. Bc6 Nc4 73. Kg3 Kf5 74. Be4+ Kf6 75. Kh3 Nb6 76. Kg4 Nc4 77. h5 gxh5+ 78. Kxh5 Ke6 79. Kg6 Nb6 (79... Kd6 $11) 80. Bc2 $11 Na8 81. Bb3+ Ke7 82. Kf5 Kd6 83. Bc2 Nb6 84. Be4 Nc4 85. Kf6 Nb6 86. Bc6 Nc4 87. Kf7 Kc7 88. Ke6 Kb6 89. Kd5 Nd2 90. Kxe5 Nxf3+ 91. Bxf3 Kxb5 92. Ke4 Kb6 1/2-1/2

[Event "WEM-KT 2018"]
[Site "Illertissen"]
[Date "2018.08.27"]
[Round "3"]
[White "Bildt, Maximilian"]
[Black "Gustain, Marc"]
[Result "1/2-1/2"]
[ECO "B01"]
[WhiteElo "2073"]
[BlackElo "2102"]
[Annotator "NA"]
[PlyCount "51"]
[EventDate "2018.08.25"]
[EventType "tourn"]
[EventCountry "GER"]
[SourceTitle "playchess.com"]
[Source "ChessBase"]
[SourceQuality "1"]
[TimeControl "40/6000+30:3000+30"]

1. e4 d5 2. exd5 Qxd5 3. Nc3 Qd8 4. d4 Nf6 5. Bc4 a6 {[%emt 0:00:30] B01: Skandinavische Verteidigung} 6. a4 (6. Bg5 h6 7. Bxf6 exf6 8. Nf3 Bb4 9. O-O Bxc3 10. bxc3 O-O 11. Re1 Nc6 12. Nh4 Na5 13. Bd3 {1-0 (21) Nakamura,H (2789)-Shaw,J (2454) Baku 2016}) 6... Nc6 {[%emt 0:02:16] LiveBook: 10 Games} 7. Nge2 Bf5 8. O-O Nb4 9. Bb3 e6 10. Ng3 Bg6 11. f4 $146 ({Vorgänger:} 11. Nce2 c5 12. c3 Nd3 13. a5 {1-0 (55) Hevia Alejano,C (2534)-Bartholomew,J (2451) Brownsville 2016}) 11... Qd7 12. Na2 Nc6 13. c3 Bd6 14. Qf3 O-O 15. f5 exf5 16. Nxf5 Bxf5 17. Qxf5 Qxf5 18. Rxf5 $11 Rae8 19. Bf4 Bxf4 20. Rxf4 Na5 21. Bc2 Nc4 22. h3 Nd5 23. Rf2 Re7 24. Bb3 b5 25. Raf1 f6 26. Nc1 1/2-1/2

[Event "WEM-KT 2018"]
[Site "Illertissen"]
[Date "2018.08.27"]
[Round "3"]
[White "Klaiss, Thomas"]
[Black "Wolf, Rainer"]
[Result "1/2-1/2"]
[ECO "A01"]
[WhiteElo "2021"]
[BlackElo "2044"]
[Annotator "NA"]
[PlyCount "128"]
[EventDate "2018.08.25"]
[EventType "tourn"]
[EventCountry "GER"]
[SourceTitle "playchess.com"]
[Source "ChessBase"]
[SourceQuality "1"]
[TimeControl "40/6000+30:3000+30"]

1. b3 d5 2. Bb2 Nc6 3. e3 Nf6 4. Bb5 Bd7 5. Nf3 b6 6. O-O a6 7. Be2 e6 8. c4 Bd6 9. d4 O-O 10. Nbd2 Re8 11. Ne5 Bf8 12. Bf3 Ne7 13. Rc1 c6 14. e4 Rc8 15. Nd3 dxe4 16. Nxe4 Nxe4 17. Bxe4 Ng6 18. Ne5 Rc7 19. Qf3 f5 20. Bb1 Nxe5 21. dxe5 c5 22. Rfd1 Qc8 23. Qh3 Bc6 24. Rd2 Rd7 25. Rcd1 Red8 26. Qe3 Qb7 27. f3 g6 28. Kf2 Be7 29. Qh6 Bf8 30. Qg5 Be7 31. Qh6 Bh4+ 32. Ke2 Rxd2+ 33. Rxd2 Qe7 34. Rxd8+ Qxd8 35. Qd2 Qc7 36. Qd6 Qxd6 37. exd6 Kf7 38. g3 Bf6 39. Bc1 e5 40. Bh6 Bg7 41. Bg5 Bf8 42. Bd8 b5 43. g4 fxg4 44. fxg4 Bxd6 45. Ke3 Bd7 46. h3 bxc4 47. bxc4 Be6 48. Bd3 h5 49. Be2 hxg4 50. hxg4 Bd7 51. Bf3 Be7 52. Bd5+ $11 Ke8 53. Bc7 Bxg4 54. Bxe5 Bg5+ 55. Kf2 Kd7 56. Bb7 a5 57. Be4 Bh4+ 58. Ke3 g5 59. a4 Bd1 60. Bc3 g4 61. Bxa5 g3 62. Kf4 Be2 63. Bg2 Bxc4 64. Bb6 Bd8 1/2-1/2

[Event "WEM-KT 2018"]
[Site "Illertissen"]
[Date "2018.08.27"]
[Round "3"]
[White "Kohde, Janis"]
[Black "Handel, Oliver"]
[Result "1-0"]
[ECO "D37"]
[WhiteElo "1803"]
[BlackElo "1839"]
[Annotator "NA"]
[PlyCount "85"]
[EventDate "2018.08.25"]
[EventType "tourn"]
[EventCountry "GER"]
[SourceTitle "playchess.com"]
[Source "ChessBase"]
[SourceQuality "1"]
[TimeControl "40/6000+30:3000+30"]

1. d4 Nf6 2. c4 e6 3. Nf3 d5 4. Nc3 Be7 5. Bf4 c6 6. e3 {[%emt 0:02:05] LiveBook: 209 Games} Nbd7 7. Be2 $11 dxc4 8. Bxc4 Nd5 9. Bg3 N7f6 10. O-O O-O 11. Ne5 a6 12. Rc1 Nxc3 13. bxc3 c5 14. f3 Nd5 15. Bf2 f6 16. Bxd5 exd5 17. Nd3 c4 18. Nf4 g5 19. Nh5 Bf5 20. Ng3 Bd3 21. Re1 Ba3 22. Rb1 b5 23. e4 dxe4 24. fxe4 Bxb1 25. Qxb1 Rb8 26. Qd1 a5 27. Nf5 Qd7 28. h4 b4 29. hxg5 fxg5 30. Qg4 Rxf5 31. exf5 h6 32. Re6 b3 33. axb3 cxb3 34. Rg6+ Kh7 35. Qh5 Bf8 36. Rxg5 Rb6 37. Rg6 Rxg6 38. Qxg6+ Kh8 39. Bg3 Qh7 40. Be5+ Bg7 41. Qe8+ Qg8 42. Bxg7+ Kxg7 43. f6+ 1-0